Map: Ever Dream LE

Players

Zest

  • Race: Protoss Protoss
  • Spawn Location: 1:00

Liquidthermy (uThermal) - Winner!

  • Race: Terran Terran
  • Spawn Location: 7:00

Event: StayAtHomestory Cup #2

VOD

Have the link to the VOD?

Description

Time

  • Played on: June 13, 2020, 7:21 a.m.
  • Length: 6:55

All games in this series

Show
View Real Time Build Order
Export as new Build Order

Zest Protoss 

Build Orders: 1 Gate Expand, Colossus Rush 

Get SALT Encoding   

  12  0:00  Probe  
  13  0:13  Probe  
  14  0:17  Pylon  
  14  0:24  Probe  
  15  0:32  Probe  
  15  0:37  Gateway  
  15  0:40  Probe  
  16  0:46  Assimilator  
  17  0:51  Probe  
  18  1:05  Probe  
  19  1:17  Probe  
  20  1:24  Cybernetics Core  
  20  1:32  Nexus  
  20  1:34  Probe  
  21  1:42  Pylon  
  21  1:47  Probe  
  22  1:49  Assimilator  
  22  1:51  Adept  
  22  1:59  Probe  
  25  2:01  Warp Gate  
  25  2:11  Adept, Probe  
  28  2:23  Probe  
  28  2:26  Robotics Facility  
  29  2:33  Adept  
  29  2:35  Probe  
  32  2:45  Probe  
  32  2:47  Probe  
  34  2:57  Probe  
  35  2:59  Probe  
  35  3:05  Gateway  
  36  3:07  Observer  
  36  3:09  Probe  
  36  3:11  Probe  
  39  3:21  Probe  
  39  3:22  Gateway  
  39  3:23  Probe  
  39  3:25  Pylon  
  39  3:26  Observer  
  41  3:28  Robotics Bay  
  41  3:33  Probe, Assimilator  
  43  3:35  Probe  
  43  3:37  Warp Prism  
  44  3:41  Pylon  
  44  3:45  Probe  
  47  3:49  Probe  
  47  3:53  Assimilator  
  48  3:58  Probe  
  48  4:01  Probe  
  50  4:04  Colossus  
  50  4:06  Pylon  
  50  4:10  Probe  
  50  4:11  Gravitic Drive  
  50  4:13  Probe  
  58  4:23  Pylon  
  58  4:29  Stalker  
  60  4:35  Stalker x2  
  63  4:44  Pylon  
  63  4:46  Probe x2  
  65  4:59  Observer  
  66  5:01  Nexus  
  66  5:02  Probe x2  
  68  5:11  Stalker x2  
  68  5:12  Stalker  
  74  5:15  Pylon  
  74  5:25  Probe x2  
  76  5:29  Observer  
  76  5:42  Colossus  
  72  5:47  Probe  
  72  5:48  Probe  
  65  5:51  Stalker x3  
  71  6:11  Probe  
  71  6:13  Probe x2  
  71  6:25  Probe x2  
  71  6:26  Observer  
  79  6:40  Adept  
  79  6:41  Adept x2  
  85  6:50  Twilight Council  
Show
View Real Time Build Order
Export as new Build Order

Liquidthermy Terran - Winner!

Build Orders:  

Get SALT Encoding   

  12  0:01  SCV  
  13  0:13  SCV  
  14  0:16  Supply Depot  
  14  0:25  SCV  
  15  0:38  SCV  
  15  0:39  Barracks  
  16  0:47  Refinery  
  16  0:50  SCV  
  17  1:02  SCV  
  18  1:14  SCV  
  19  1:27  Orbital Command  
  19  1:29  Barracks Reactor  
  19  1:38  Command Center  
  19  1:47  Supply Depot  
  19  1:53  SCV  
  20  2:05  SCV, Marine x2  
  23  2:10  Factory  
  23  2:17  SCV  
  23  2:18  Refinery  
  24  2:23  Marine x2  
  24  2:29  SCV  
  27  2:41  SCV, Marine x2  
  30  2:51  Orbital Command  
  30  2:53  SCV  
  31  2:58  Starport  
  31  3:00  Widow Mine  
  33  3:05  SCV  
  34  3:13  Armory  
  34  3:17  SCV  
  34  3:18  SCV  
  35  3:22  Widow Mine  
  35  3:26  Marine x2  
  39  3:29  SCV  
  39  3:30  SCV  
  41  3:35  Supply Depot  
  41  3:38  Medivac  
  43  3:42  SCV  
  43  3:43  Widow Mine  
  46  3:49  Bunker  
  46  3:57  SCV x2  
  46  4:01  Barracks Tech Lab  
  46  4:02  Supply Depot  
  48  4:09  SCV x2  
  50  4:12  Widow Mine x2  
  54  4:23  Marine  
  54  4:24  SCV, Medivac  
  58  4:25  Barracks x2  
  58  4:26  Supply Depot  
  58  4:29  Stimpack  
  58  4:32  SCV  
  58  4:36  SCV, Widow Mine  
  62  4:42  Engineering Bay  
  62  4:47  Supply Depot  
  62  4:48  SCV  
  62  4:51  Marauder  
  67  4:55  Starport Reactor  
  67  4:56  SCV  
  66  5:03  SCV, Refinery  
  66  5:04  Supply Depot, Factory Tech Lab  
  67  5:08  SCV  
  67  5:13  Marauder  
  70  5:15  SCV  
  70  5:20  SCV  
  72  5:23  Marine x2  
  72  5:28  SCV, Marauder, Supply Depot  
  77  5:34  Marauder  
  77  5:37  SCV  
  77  5:40  SCV, Marine  
  77  5:41  Marine  
  79  5:49  SCV  
  80  5:50  Marauder  
  80  5:51  Medivac  
  80  5:55  Marine  
  83  5:58  Marine x2, Supply Depot  
  83  6:01  SCV  
  84  6:05  SCV  
  84  6:06  Refinery, Medivac  
  85  6:11  Marauder  
  85  6:13  Marine  
  85  6:14  SCV  
  85  6:16  Marine  
  85  6:17  Marine  
  88  6:18  SCV  
  88  6:21  Medivac  
  90  6:30  Marine  
  90  6:31  Command Center  
  90  6:32  Missile Turret, Marine  
  90  6:37  Marine, Supply Depot  
  91  6:44  Supply Depot  
  91  6:55  Barracks  
Tags
 
Add a new tag
Caveats
  • Supply blocks, unpowered buildings, or Contaminate may cause inaccurate times.
  • Supply counts are checked every 10 seconds.